 Seeded DCSS version 0.30-a0-4-ga7cffc901d (webtiles) character file.

Game seed: 1771612698806958595 (custom seed)

12336 voltaire321 the Thaumaturge (level 11, -2/63 (64) HPs)
             Began as a Deep Elf Earth Elementalist on Aug 21, 2022.
             Was an Elder of Sif Muna.
             Slain by a hell rat (14 damage)
             ... on level 2 of the Lair of Beasts.
             The game lasted 00:49:31 (14262 turns).

voltaire321 the Thaumaturge (DEEE)                 Turns: 14262, Time: 00:49:31

HP:   -2/63 (64)    AC:  8    Str:  7    XL:     11   Next: 61%
MP:   18/26         EV: 15    Int: 26    God:    Sif Muna [****..]
Gold: 212           SH:  7    Dex: 17    Spells: 8/28 levels left

rFire   + + .      SeeInvis .    d - staff of earth
rCold   + . .      Faith    .    l - +2 buckler "Wiskaoxuikk" {Rampage +Inv rElec rF+}
rNeg    + + .      Spirit   .    G - +2 leather armour {rC+}
rPois   .          Reflect  .    (no helmet)
rElec   +          Harm     .    A - +1 cloak
rCorr   +          Rampage  +    (no gloves)
Will    +....                    j - +0 pair of boots
Stlth   ++........               x - amulet of Upsas {Acrobat rN+ Int+3}
HPRegen 0.20/turn                K - ring of Udimiam {rF+ rN+ rCorr Dex+2}
MPRegen 0.20/turn                B - ring of wizardry

@: about to teleport, lightly drained
A: no striking features
a: Renounce Religion, Evoke Invisibility, Channel Magic, Forget Spell, Divine
Exegesis


You were on level 2 of the Lair of Beasts.
You worshipped Sif Muna.
Sif Muna was greatly pleased with you.
You visited 3 branches of the dungeon, and saw 14 of its levels.
You also visited: Sewer, Ossuary and Bailey.

You collected 805 gold pieces.
You spent 593 gold pieces at shops.

Inventory:

Hand Weapons
 o - the +5 short sword "Kaeraedd" {speed, rF+}
   (You found it on level 5 of the Dungeon)

   Attacks with this weapon are significantly faster.
   rF:        It protects you from fire.
 C - a +0 rapier
Missiles
 t - a throwing net
Armour
 j - a +0 pair of boots (worn)
 l - the +2 buckler "Wiskaoxuikk" (worn) {Rampage +Inv rElec rF+}
   (You acquired it on level 5 of the Dungeon)

   rF:        It protects you from fire.
   rElec:     It insulates you from electricity.
   +Inv:      It lets you turn invisible.
   Rampage:   It bestows one free step when moving towards enemies.
 A - a +1 cloak (worn)
 G - a +2 leather armour of cold resistance (worn)
 N - a +2 robe of cold resistance
Magical Staves
 d - a staff of earth (weapon)
Jewellery
 f - a ring of fire
 v - a ring of flight
 x - the amulet of Upsas (around neck) {Acrobat rN+ Int+3}
   (You found it on level 4 of the Dungeon)

   [amulet of the acrobat]

   It increases your evasion while moving and waiting.
   Int:       It affects your intelligence (+3).
   rN:        It protects you from negative energy.
 B - a ring of wizardry (right hand)
 K - the ring of Udimiam (left hand) {rF+ rN+ rCorr Dex+2}
   (You bought it in a shop on level 10 of the Dungeon)

   [ring of resist corrosion]

   Dex:       It affects your dexterity (+2).
   rF:        It protects you from fire.
   rN:        It protects you from negative energy.
   rCorr:     It protects you from acid and corrosion.
 L - a ring of see invisible
 M - a ring of magical power
Wands
 r - a wand of mindburst (23)
 u - a wand of charming (10)
 y - a wand of quicksilver (25)
 D - a wand of flame (3)
Scrolls
 c - 2 scrolls of teleportation
 i - a scroll of immolation
 n - 3 scrolls of identify
 F - a scroll of amnesia
 H - 3 scrolls of enchant armour
 I - a scroll of torment {unknown}
 O - a scroll of fog {unknown}
 P - a scroll of blinking
Potions
 a - 2 potions of ambrosia
 b - 3 potions of magic
 e - 6 potions of might
 g - 7 potions of invisibility
 h - 4 potions of berserk rage
 k - 7 potions of flight
 m - 2 potions of haste
 p - 2 potions of heal wounds
 q - 7 potions of curing
 s - 3 potions of brilliance
 w - 2 potions of resistance
 z - 6 potions of mutation
 E - 2 potions of cancellation
 J - 3 potions of lignification


   Skills:
 + Level 5.5 Fighting
 + Level 1.9 Armour
 + Level 8.6 Dodging
 - Level 2.4 Stealth
 - Level 4.0 Shields
 + Level 9.4 Spellcasting
 + Level 7.3 Conjurations
 + Level 7.1 Summonings
 - Level 2.0 Transmutations
 + Level 8.1 Earth Magic
 + Level 7.0 Invocations


You had 8 spell levels left.
You knew the following spells:

 Your Spells              Type           Power      Damage    Failure   Level
a - Sandblast             Erth           100%       2d20      1%          1
b - Call Imp              Summ           49%        N/A       1%          2
c - Stone Arrow           Conj/Erth      100%       3d13      1%          3
d - Passwall              Tmut/Erth      45%        N/A       1%          2
e - Lee's Rapid Deconstr  Erth           35%        3d19*     3%          5
f - Monstrous Menagerie   Summ           24%        N/A       82%         7

Your spell library contained the following spells:

 Spells                   Type           Power      Damage    Failure   Level
 Magic Dart               Conj           100%       1d8       1%          1
 Animate Armour           Summ/Erth      100%       N/A       1%          4
 Conjure Flame            Conj/Fire      31%        6-21      2%          3
 Slow                     Hex            48%        N/A       4%          1
 Mephitic Cloud           Conj/Pois/Air  24%        N/A       4%          3
 Petrify                  Tmut/Erth      55%        N/A       4%          4
 Ensorcelled Hibernation  Hex/Ice        24%        N/A       6%          2
 Sublimation of Blood     Necr           12%        N/A       6%          2
 Ignite Poison            Fire/Tmut/Pois 15%        N/A       9%          3
 Fulminant Prism          Conj/Hex       15%        3d11      9%          4
 Iskenderun's Mystic Bla  Conj/Tloc      31%        2d8       9%          4
 Sticky Flame             Conj/Fire      31%        2d5       9%          4
 Confusing Touch          Hex            12%        N/A       12%         3
 Gell's Gravitas          Tloc           12%        N/A       12%         3
 Lesser Beckoning         Tloc           12%        N/A       12%         3
 Swiftness                Air            12%        N/A       12%         3
 Teleport Other           Tloc           12%        N/A       12%         3
 Vampiric Draining        Necr           12%        2d6       12%         3
 Irradiate                Conj/Tmut      18%        3d17      16%         5
 Summon Forest            Summ/Tloc      15%        N/A       24%         5
 Yara's Violent Unravell  Hex/Tmut       8%         3d5       52%         5
 Enfeeble                 Hex            6%         N/A       100%        7
 Chain Lightning          Conj/Air       15%        3d20      100%        9
 Fire Storm               Conj/Fire      15%        8d4       100%        9
 Shatter                  Erth           35%        3d28*     100%        9


Dungeon Overview and Level Annotations

Branches:
Dungeon (11/15)            Temple (1/1) D:4            Lair (2/5) D:11
    Orc (0/2) D:9           Sewer (visited)         Ossuary (visited)
 Bailey (visited)
  Swamp: Lair:2-3    Shoals: Lair:2-3     Snake: Lair:2-3    Spider: Lair:2-3

Altars:
Ashenzari
Cheibriados
Elyvilon
Fedhas
Hepliaklqana
Kikubaaqudgha
Makhleb
Nemelex Xobeh
Ru
Sif Muna
Trog
Wu Jian
Yredelemnul
The Shining One

Shops:
D:10 =


Message History

The hell rat roars deafeningly!
You hear a howl!
You hear an angry hiss.
You hear a roar!
You rampage towards the hell rat!
A hell rat comes into view. 2 hell rats come into view.
The hell rat roars deafeningly!
You block the hell rat's attack.
A wolf comes into view.
The hell rat barely misses you. You block the hell rat's attack.
You closely miss the hell rat. The hell rat bites you! x2
A wolf comes into view.
As you read the scroll of teleportation, it crumbles to dust.
You feel strangely unstable. The wolf misses you.
A wolf comes into view.
The wolf misses you. You block the hell rat's attack. The hell rat bites you!
The hell rat roars deafeningly!
You rampage towards the hell rat!
You barely miss the hell rat.
The wolf bites the fungus.
The fungus begins to die.
The hell rat completely misses you. The hell rat barely misses you.
The hell rat misses you. The hell rat closely misses you.
You block the hell rat's attack. The wolf barely misses you.
The wolf bites the fungus.
The hell rat closely misses you.
The hell rat bites you but does no damage.
The hell rat barely misses you. The hell rat bites you. You partially resist.
The hell rat bites you!
* * * LOW HITPOINT WARNING * * *
You partially resist.
You feel drained.
* * * LOW HITPOINT WARNING * * *
Okay, then.
Casting: Stone Arrow (safe; 1% risk of failure)
Confirm with . or Enter, or press ? or * to list all spells.
Aiming: Stone Arrow (safe; 1% risk of failure)
Press: ? - help, Shift-Dir - straight line, f/p - polar bear
Aim: a polar bear (heavily wounded, 84% to hit)
You feel a surge of power!
The stone arrow hits the wolf!!
You kill the wolf!
Sif Muna accepts your kill. The wolf bites you.
* * * LOW HITPOINT WARNING * * *
The hell rat bites you!
You die... .........# ...h.....# .........# #....# ##h.h# ###.h# #..hh## ##Prhr#

#.r@##
......rr#
.........
#.###...##
. #...#
#...#
....#
......


You could see a polar bear, 5 wolves and 5 hell rats.

Vanquished Creatures
  Erica (Lair:1)
  An orc knight (Bailey)
  A cyclops (D:11)
  An ugly thing (D:11)
  2 manticores
  A cane toad (Lair:1)
  Grinder (D:4)
  A troll (D:11)
  Prince Ribbit (D:9)
  A shadow (D:10)
  4 yaks (Lair:1)
  4 wyverns
  A basilisk (Lair:1)
  2 steam dragons
  4 vampire mosquitoes (D:7)
  An acid dragon (D:10)
  3 water moccasins
  A black bear (D:6)
  10 orc warriors
  11 wolves
  A phantom (D:6)
  A centaur (D:9)
  Blork the orc (D:4)
  7 kobold brigands
  7 bullfrogs
  2 necrophages (D:4)
  A scorpion (D:5)
  3 wights (D:8)
  24 killer bees
  6 howler monkeys
  8 electric eels
  8 hounds
  12 orc priests
  3 iguanas
  8 orc wizards
  A mummy (Ossuary)
  4 adders
  15 gnolls
  A white imp (D:7)
  A worm (D:2)
  A dart slug (D:4)
  72 orcs
  A spectral bat (Ossuary)
  3 endoplasms
  A giant cockroach (D:4)
  12 gnoll zombies (Ossuary)
  7 goblins
  4 hobgoblins
  5 jackals
  3 quokkas (D:4)
  5 ball pythons
  7 bats
  5 bat simulacra (Ossuary)
  A frilled lizard (D:1)
  3 goblin zombies (Ossuary)
  7 hobgoblin zombies (Ossuary)
  36 kobolds
  3 kobold simulacra (Ossuary)
  5 kobold zombies (Ossuary)
  3 orc zombies (Ossuary)
  11 rats
  2 rat simulacra (Ossuary)
  A spectral goblin (Ossuary)
  2 spectral kobolds (Ossuary)
  3 spectral rats (Ossuary)
369 creatures vanquished.

Vanquished Creatures (others)
  2 fungi
2 creatures vanquished.

Grand Total: 371 creatures vanquished

Notes
Turn   | Place    | Note
-------+----------+-------------------------------------------
     0 | D:1      | voltaire321 the Deep Elf Earth Elementalist began the quest
                  | for the Orb.
     0 | D:1      | Reached XP level 1. HP: 10/10 MP: 6/6
   386 | D:1      | Reached XP level 2. HP: 16/16 MP: 6/8
   678 | D:2      | Learned a level 2 spell: Call Imp
   681 | D:2      | Learned a level 2 spell: Passwall
   790 | D:2      | Found a faded altar of an unknown god.
   816 | D:2      | Reached XP level 3. HP: 20/20 MP: 7/9
   925 | D:2      | Learned a level 3 spell: Stone Arrow
  1516 | D:3      | Found a sacrificial altar of Ru.
  1531 | D:2      | Reached skill level 1 in Fighting
  1531 | D:2      | Reached skill level 1 in Summonings
  1531 | D:2      | Reached XP level 4. HP: 4/25 MP: 2/11
  1869 | D:3      | Reached skill level 1 in Conjurations
  2254 | D:3      | Found a shimmering blue altar of Sif Muna.
  2258 | D:3      | Became a worshipper of Sif Muna the Loreminder
  2266 | D:3      | Reached skill level 4 in Spellcasting
  2266 | D:3      | Reached XP level 5. HP: 16/29 MP: 7/13
  2567 | D:4      | Reached skill level 1 in Invocations
  2612 | D:4      | Reached XP level 6. HP: 34/34 MP: 8/14
  2724 | D:4      | Identified the amulet of Upsas {Acrobat rN+ Int+3}
  2820 | D:4      | Noticed Grinder
  2825 | D:4      | Paralysed by Grinder for 3 turns
  2830 | D:4      | Killed Grinder
  2831 | D:4      | Reached XP level 7. HP: 26/40 MP: 1/16
  2977 | D:4      | Found a staircase to the Ecumenical Temple.
  2986 | Temple   | Entered the Ecumenical Temple
  3097 | D:4      | Noticed Blork the orc
  3103 | D:4      | Killed Blork the orc
  3104 | D:4      | Reached skill level 5 in Spellcasting
  3448 | D:5      | Entered Level 5 of the Dungeon
  3477 | D:5      | Identified a scroll of acquirement
  3477 | D:5      | Acquired the +2 buckler "Wiskaoxuikk" {Rampage +Inv rElec
                  | rF+}
  3598 | D:5      | Reached skill level 5 in Earth Magic
  3601 | D:5      | Reached * piety under Sif Muna
  3606 | D:5      | Reached XP level 8. HP: 42/45 MP: 10/18
  3633 | D:5      | Identified the +5 short sword "Kaeraedd" {speed, rF+}
  3694 | D:5      | Found a glowing drain.
  3703 | Sewer    | Entered a sewer
  3856 | Sewer    | Found a white marble altar of Elyvilon.
  4195 | D:5      | Found an ornate altar of the Wu Jian Council.
  4592 | D:6      | Reached skill level 5 in Dodging
  4626 | D:6      | Found a bloodstained altar of Trog.
  4980 | D:6      | Reached skill level 6 in Spellcasting
  5157 | D:6      | Reached ** piety under Sif Muna
  5795 | D:7      | Reached XP level 9. HP: 51/51 MP: 17/20
  5902 | D:7      | Noticed a manticore
  5907 | D:7      | Killed a manticore
  5908 | D:7      | Reached skill level 1 in Shields
  6484 | D:7      | Reached skill level 5 in Conjurations
  6490 | D:7      | Identified the +6 sling of Laceration {venom, Dex+2}
  6506 | D:7      | Reached skill level 7 in Spellcasting
  6508 | D:7      | Reached skill level 5 in Summonings
  6876 | D:8      | Found a glowing golden altar of the Shining One.
  6876 | D:8      | Found a broken altar of Ashenzari.
  6894 | D:8      | Reached skill level 5 in Invocations
  6972 | D:8      | Found a hazy altar of Hepliaklqana.
  7052 | D:8      | Found a sand-covered staircase.
  7059 | Ossuary  | Entered an ossuary
  7133 | Ossuary  | Reached *** piety under Sif Muna
  7542 | D:8      | Reached **** piety under Sif Muna
  7727 | D:8      | Reached XP level 10. HP: 15/57 MP: 17/23
  8113 | D:9      | Learned a level 5 spell: Lee's Rapid Deconstruction
  8252 | D:9      | Found a snail-covered altar of Cheibriados.
  8253 | D:9      | Found a burning altar of Makhleb.
  8318 | D:9      | Found a flagged portal.
  8328 | Bailey   | Entered a bailey
  8579 | Bailey   | Noticed an orc knight
  8659 | Bailey   | Killed an orc knight
  8660 | Bailey   | Reached skill level 8 in Spellcasting
  8922 | D:9      | Reached ***** piety under Sif Muna
  9300 | D:9      | Received a gift from Sif Muna
  9307 | D:9      | Noticed Prince Ribbit
  9308 | D:9      | Got Rock's Lectures on the Friendly Chill {god gift}
  9328 | D:9      | Killed Prince Ribbit
  9751 | D:9      | Found a staircase to the Orcish Mines.
 10193 | D:10     | Entered Level 10 of the Dungeon
 10236 | D:10     | Reached skill level 5 in Fighting
 10317 | D:10     | Found a white marble altar of Elyvilon.
 10766 | D:10     | Found Qeypisycs's Jewellery Boutique.
 10771 | D:10     | Bought the ring of Udimiam {rF+ rN+ rCorr Dex+2} for 593
                  | gold pieces
 10805 | D:10     | Reached XP level 11. HP: 63/63 MP: 22/25
 11372 | D:10     | Found a blossoming altar of Fedhas.
 11372 | D:10     | Found a sparkling altar of Nemelex Xobeh.
 11661 | D:11     | Noticed a green ugly thing
 11668 | D:11     | Killed a green ugly thing
 11783 | D:11     | Found a staircase to the Lair.
 11816 | D:11     | Learned a level 7 spell: Monstrous Menagerie
 11970 | D:11     | Reached skill level 1 in Armour
 11970 | D:11     | Reached skill level 9 in Spellcasting
 12532 | Lair:1   | Entered Level 1 of the Lair of Beasts
 12749 | Lair:1   | Noticed Erica
 12847 | Lair:1   | HP: 1/64 [poisoned by Erica (bolt of poison)]
 12850 | Lair:1   | Killed Erica
 14262 | Lair:2   | Slain by a hell rat

Illustrated notes

Levels and vault maps discovered:
D:1:      dpeg_arrival_three_bigger_balls, layout_basic
D:2:      layout_basic, shapermc_ecumenical_altar_venn, chequers_garden
D:3:      layout_basic, led_sif_book, mainiacjoe_overflow_tiny_flanked
D:4:      layout_rooms, lemuel_temple_firewalk_a, serial_glass, glass_columns_c,
          glass_columns_a, dreamdust_gnoll_farm, uniq_blork_the_orc,
          uniq_grinder
D:5:      layout_loops_ring, mainiacjoe_overflow_alcove_2, portal_sewer_entry_e
D:6:      layout_basic, mainiacjoe_overflow_paths
D:7:      layout_basic
D:8:      layout_rooms, gammafunk_temple_overflow_elements,
          lemuel_coloured_pillars_altar, chequers_ossuary_entry_cave,
          chequers_hall_statues_wall_a, kennysheep_generic_room_14
D:9:      layout_stronghold, mainiacjoe_overflow_catwalk_spiral, david_orc_5,
          enter_bailey_2, uniq_prince_ribbit1
D:10:     layout_layer_cave, nicolae_overflow_two_pavilions, elyvilon_altar_1,
          serial_shops, nicolae_shop_hallway_plus
D:11:     layout_basic, erik_lair_island, dk_vineyard_3
Temple:   dpeg_chambers_temple
Lair:1:   layout_cave_pods, dpeg_stationary_puzzle, infiniplex_staircase_pool_2,
          grunt_megastairs_4, uniq_erica
Lair:2:   statuecave_lemuel, layout_chaotic_city,
          minmay_snake_entry_guardpost_medium, chequers_serial_rivers_marsh,
          uniq_amaemon

Skill      XL: |  1  2  3  4  5  6  7  8  9 10 11 |
---------------+----------------------------------+-----
Dodging        | 3 4 5 6 7 8 |  8.6
Fighting       | 1 2 3 4 5 |  5.5
Summonings     | 1 2 3 4 5 6 7 |  7.1
Transmutations | 2 |  2.0
Conjurations   | 1 2 3 4 5 6 7 |  7.3
Earth Magic    | 4 5 6 7 8 |  8.1
Spellcasting   | 4 5 6 7 8 9 |  9.4
Invocations    | 1 2 4 5 6 7 |  7.0
Shields        | 2 3 4 |  4.0
Armour         | 1 |  1.9
Stealth        | |  2.4

Action                   |  1- 3 |  4- 6 |  7- 9 | 10-12 || total
-------------------------+-------+-------+-------+-------++-------
Melee: Staff             |     1 |     1 |     3 |    23 ||    28
 Cast: Sandblast         |    50 |    48 |   207 |   188 ||   493
       Stone Arrow       |       |     4 |    17 |    66 ||    87
       Call Imp          |       |       |     1 |     3 ||     4
       Lee's Rapid Decon |       |       |       |     1 ||     1
Evoke: Wand              |       |       |       |    12 ||    12
  Use: Scroll            |       |       |    15 |    11 ||    26
       Potion            |       |       |       |     3 ||     3
 Stab: Distracted        |       |       |       |     1 ||     1
Armor: Robe              |     5 |     1 |    16 |    12 ||    34
       Leather armour    |       |       |       |    17 ||    17
Dodge: Dodged            |     9 |     9 |    90 |   152 ||   260
Block: Buckler           |       |       |    40 |    76 ||   116

Table legend: (Time is in decaauts)
 A = Elapsed time spent in this place.
 B = Non-inter-level travel time spent in this place.
 C = Inter-level travel time spent in this place.
 D = Time resting spent in this place.
 E = Time spent auto-exploring this place.
 F = Levels seen in this place.
 G = Mean time per level.
                   A        B        C        D        E       F      G
               +--------+--------+--------+--------+--------+-----+--------+
         Total |  14572 |  14008 |    564 |   3470 |   7225 |  17 |  857.2 |
       Dungeon |  11443 |  10958 |    485 |   2564 |   5929 |  11 | 1040.3 |
        Temple |      1 |      1 |      0 |      0 |      0 |   1 |    1.0 |
          Lair |   1747 |   1668 |     79 |    608 |    891 |   2 |  873.5 |
         Sewer |    319 |    319 |      0 |     68 |    174 |   1 |  319.0 |
       Ossuary |    493 |    493 |      0 |     42 |    163 |   1 |  493.0 |
        Bailey |    567 |    567 |      0 |    188 |     67 |   1 |  567.0 |
               +--------+--------+--------+--------+--------+-----+--------+

Top non-repeatable levels by time:
  Lair:1: 1669 daAuts
     D:9: 1632 daAuts
    D:10: 1438 daAuts
     D:2: 1205 daAuts
     D:7: 1159 daAuts
     D:6: 1134 daAuts
     D:4: 940 daAuts
    D:11: 931 daAuts
     D:8: 850 daAuts
     D:5: 777 daAuts
     D:3: 739 daAuts
     D:1: 634 daAuts
  Bailey: 567 daAuts
 Ossuary: 493 daAuts
   Sewer: 319 daAuts
